Map: Newkirk Precinct TE (Void)

Players

Lambo - Winner!

  • Race: Zerg Zerg
  • Spawn Location: 7:00

Elroye

  • Race: Zerg Zerg
  • Spawn Location: 5:00

Event: IEM XI Katowice - World Championship 2017

VOD

Have the link to the VOD?

Description

Time

  • Played on: Feb. 27, 2017, 4:07 a.m.
  • Length: 8:07

All games in this series

Show
View Real Time Build Order
Export as new Build Order

Lambo Zerg - Winner!

Build Orders: Hatch First 

Get SALT Encoding   

  12  0:00  Drone  
  13  0:13  Overlord  
  13  0:17  Drone  
  14  0:32  Drone  
  14  0:33  Drone  
  14  0:35  Drone  
  17  0:53  Hatchery  
  17  0:55  Drone  
  17  0:59  Drone  
  18  1:10  Extractor  
  17  1:13  Spawning Pool  
  17  1:17  Drone  
  17  1:19  Drone  
  18  1:28  Drone  
  19  1:40  Overlord  
  19  1:50  Drone  
  20  2:00  Queen  
  23  2:01  Zergling x2  
  23  2:04  Queen  
  23  2:05  Zergling x2  
  26  2:09  Metabolic Boost  
  26  2:13  Drone  
  27  2:16  Drone  
  28  2:23  Drone  
  29  2:32  Drone  
  30  2:38  Hatchery  
  30  2:40  Drone  
  30  2:50  Drone, Baneling Nest  
  29  2:59  Drone x2  
  29  3:01  Overlord  
  29  3:05  Zergling x2  
  31  3:11  Zergling x8  
  35  3:19  Overlord  
  35  3:20  Zergling x2  
  35  3:21  Zergling x2  
  35  3:25  Drone x2  
  39  3:32  Queen  
  39  3:34  Baneling x2  
  41  3:36  Baneling x3  
  41  3:43  Drone  
  41  3:44  Drone x2  
  44  3:58  Drone x4  
  44  4:00  Queen  
  45  4:07  Zergling x4  
  47  4:10  Drone  
  47  4:11  Roach Warren  
  47  4:14  Drone  
  48  4:17  Drone x2  
  48  4:18  Drone  
  48  4:22  Overlord  
  51  4:25  Drone x2  
  53  4:31  Baneling x2  
  53  4:33  Drone x2  
  53  4:35  Extractor x2  
  53  4:43  Overlord  
  53  4:47  Overlord  
  52  4:53  Overlord x2  
  52  4:58  Overlord  
  51  5:00  Overlord  
  51  5:01  Roach x5  
  63  5:14  Roach x4  
  63  5:15  Evolution Chamber  
  66  5:25  Roach  
  66  5:26  Roach  
  70  5:33  Roach x2  
  74  5:37  Roach x2  
  78  5:43  Drone x6  
  84  5:52  Drone x2  
  84  5:54  Zerg Missile Weapons Level 1  
  84  5:55  Roach x2  
  90  6:00  Zergling x8  
  90  6:01  Zergling x2  
  95  6:04  Overlord  
  95  6:09  Zergling x2  
  95  6:10  Zergling x2  
  97  6:12  Ravager  
  97  6:17  Lair  
  95  6:20  Roach  
  95  6:21  Zergling x8  
  95  6:24  Overlord  
  101  6:26  Roach  
  101  6:29  Overlord  
  103  6:33  Overlord, Extractor  
  103  6:36  Drone  
  103  6:37  Drone  
  103  6:39  Drone x3  
  107  6:41  Roach  
  107  6:46  Roach x2  
  113  6:53  Roach  
  113  6:54  Roach x3  
  120  6:57  Overlord  
  123  7:01  Roach x2  
  123  7:04  Ravager  
  123  7:05  Zergling x6  
  123  7:07  Ravager  
  127  7:09  Roach  
  127  7:13  Zergling x6  
  132  7:19  Zergling x6  
  135  7:23  Zergling x4  
  135  7:25  Overlord  
  135  7:28  Zergling x2, Ravager  
  135  7:29  Zergling x2  
  140  7:33  Zergling x6  
  142  7:38  Zergling x2, Ravager  
  142  7:39  Zergling x4  
  146  7:45  Zergling x2  
  146  7:46  Zergling x10  
Show
View Real Time Build Order
Export as new Build Order

Elroye Zerg 

Build Orders: Hatch First 

Get SALT Encoding   

  12  0:00  Drone  
  13  0:12  Overlord  
  13  0:17  Drone  
  14  0:32  Drone x2  
  16  0:42  Drone  
  17  0:54  Hatchery  
  17  0:56  Drone  
  17  0:58  Drone  
  18  1:04  Extractor  
  17  1:15  Spawning Pool  
  17  1:17  Drone  
  17  1:20  Drone  
  18  1:29  Drone  
  19  1:39  Overlord  
  19  1:56  Drone  
  19  2:00  Drone  
  21  2:02  Queen  
  21  2:04  Metabolic Boost  
  21  2:06  Queen  
  25  2:09  Zergling x2  
  25  2:12  Drone  
  27  2:17  Drone  
  27  2:22  Drone  
  29  2:28  Zergling x2  
  30  2:37  Hatchery  
  30  2:43  Zergling x2  
  30  2:44  Drone  
  30  2:49  Overlord  
  30  3:00  Drone  
  30  3:03  Overlord  
  30  3:05  Zergling x4  
  32  3:14  Zergling x12  
  32  3:16  Zergling x2  
  39  3:28  Overlord  
  39  3:29  Drone  
  39  3:31  Roach Warren  
  39  3:33  Zergling x2  
  40  3:35  Zergling x2  
  41  3:43  Drone x3  
  41  3:44  Drone  
  36  4:03  Zergling x8  
  36  4:07  Queen  
  42  4:11  Roach x3  
  48  4:22  Drone x3  
  50  4:29  Drone x2  
  50  4:30  Drone x2  
  51  4:32  Drone  
  51  4:33  Extractor  
  51  4:35  Extractor  
  50  4:48  Roach x2  
  50  4:50  Drone x4  
  50  4:51  Drone x2  
  60  5:02  Overlord x3  
  60  5:06  Overlord  
  58  5:22  Roach x2  
  58  5:23  Roach x5  
  58  5:27  Roach x2  
  75  5:29  Roach  
  75  5:32  Roach  
  75  5:33  Roach  
  81  5:36  Roach  
  83  5:46  Lair  
  83  5:48  Drone  
  83  5:49  Drone x2  
  86  5:50  Evolution Chamber, Drone  
  86  5:51  Ravager  
  86  5:52  Ravager  
  86  5:53  Drone  
  86  5:56  Drone x2  
  91  5:58  Drone  
  91  5:59  Drone  
  93  6:08  Overlord  
  91  6:17  Spore Crawler  
  88  6:18  Drone  
  88  6:19  Drone  
  91  6:27  Drone x7  
  98  6:32  Extractor  
  98  6:35  Drone  
  98  6:37  Overlord, Extractor  
  98  6:38  Overlord, Ravager  
  98  6:43  Extractor  
  98  6:45  Overlord, Ravager  
  97  6:57  Drone x2  
  97  6:58  Drone x4  
  97  6:59  Drone  
  104  7:02  Drone x5  
  104  7:03  Drone x2  
  104  7:07  Drone x2  
  104  7:08  Drone  
  114  7:16  Ravager x2  
  114  7:20  Roach x3  
  122  7:27  Overlord x3  
  122  7:40  Overlord  
  122  7:45  Roach x2  
  122  7:46  Roach  
  122  7:47  Roach x7  

Tags
 
Add a new tag
Caveats
  • Supply blocks, unpowered buildings, or Contaminate may cause inaccurate times.
  • Supply counts are checked every 10 seconds.